 Dungeon Crawl Stone Soup version 0.31.0-9-g3a7656b989 (webtiles) character file.

Game seed: 16691058839057433198

107 qw the Skirmisher (level 4, -7/25 HPs)
             Began as a Deep Elf Hunter on Feb 2, 2024.
             Killed from afar by an orc wizard (9 damage)
             ... with a magic dart
             ... on level 3 of the Dungeon.
             The game lasted 00:00:05 (1353 turns).

qw the Skirmisher (Deep Elf Hunter)                 Turns: 1353, Time: 00:00:06

Health: -7/25      AC:  6    Str: 10    XL:     4   Next: 57%
Magic:  6/6        EV: 11    Int: 14    God:
Gold:   80         SH:  0    Dex: 18    Spells: 3/3 levels left

rFire   . . .        a - +0 shortbow
rCold   . . .        (shield currently unavailable)
rNeg    . . .        e - +0 ring mail
rPois   .            o - +0 helmet
rElec   .            (no cloak)
rCorr   .            (no gloves)
SInv    .            (no boots)
Will    .....        l - amulet of the acrobat
Stlth   +            (no ring)
HPRegen 0.24/turn    (no ring)
MPRegen 0.10/turn

%: acrobat
@: no status effects
A: no striking features
a: no special abilities


You were on level 3 of the Dungeon.
You visited 1 branch of the dungeon, and saw 3 of its levels.

You collected 80 gold pieces.


   Skills:
 - Level 1.5 Fighting
 + Level 8.0 Ranged Weapons
 - Level 2.4 Dodging
 - Level 1.2 Stealth


You had 3 spell levels left.
You didn't know any spells.
Your spell library was empty.

Inventory:

Hand Weapons
 a - a +0 shortbow (weapon)
Armour
 e - a +0 ring mail (worn)
 o - a +0 helmet (worn)
Jewellery
 l - an amulet of the acrobat (around neck)
Potions
 d - a potion of curing
 h - a potion of mutation
 i - 2 potions of might
 k - a potion of haste
 n - a potion of berserk rage {unknown}

Dungeon Overview and Level Annotations

Branches:
Dungeon (3/15)

Altars:


Message History

An orc comes into view. It is wielding a +0 club.
The orc wizard gestures at you while chanting.
The puff of flame hits you.
The orc moves out of view.
1341 ||| FLEEEEING.
The orc wizard mumbles some strange words.
The orc wizard flickers and vanishes!
Deactivating autopickup; reactivate with Ctrl-A.
There is a large open door here.
1342 ||| FLEEEEING.
You shoot an arrow. You shoot an arrow. You shoot an arrow. You shoot an arrow.
You shoot an arrow.
The arrow hits the orc but does no damage.
You shoot an arrow. The arrow hits the orc.
The orc is heavily wounded.
The orc hits you with a +0 hand axe.
You hear some strange, mumbled words.
A puff of flame appears from out of thin air!
The puff of flame hits you!
You hear a shout!
You shoot an arrow. The arrow barely misses the orc.
The orc hits you but does no damage.
You shoot an arrow.
The arrow hits the orc but does no damage.
The orc is heavily wounded.
Something hits you. The orc hits you with a +0 hand axe.
You shoot an arrow. The arrow barely misses the orc.
Something hits you but does no damage. The orc closely misses you.
You shoot an arrow.
The arrow hits the orc but does no damage.
The orc is heavily wounded.
Something hits you. The orc hits you but does no damage.
You shoot an arrow. The arrow hits the orc.
You kill the orc!
You hear some strange, mumbled words.
A magic dart appears from out of thin air!
The magic dart hits you!
You die...

########## #......#..
.###+## #..#.#.#.#
...>.{. #..#...#.#
.....# ###.##..#...#.#
...o.#
#......<....#'###
.....#
#####.###.......#
.)...#
............@##.....#
#.#...#......){o.....+
# ###.##......##.....#
# ######## .......
....... .......
.#..... .###### .#


You could see an orc.

Vanquished Creatures
  4 gnolls (D:2)
  2 adders (D:2)
  3 dart slugs
  2 orcs (D:3)
  5 bats
  5 endoplasms
  2 giant cockroaches
  6 goblins
  4 hobgoblins
  2 jackals (D:1)
  A ball python (D:2)
  5 frilled lizards
  4 kobolds
  A rat (D:2)
46 creatures vanquished.

Notes
Turn   | Place    | Note
-------+----------+-------------------------------------------
     0 | D:1      | qw the Deep Elf Hunter began the quest for the Orb.
     0 | D:1      | Reached XP level 1. HP: 12/12 MP: 3/3
     0 | D:1      | 0 ||| qw: Version: 0.3-a-155-g5e7d8dd
     0 | D:1      | 0 ||| qw: Game counter: 1065
     0 | D:1      | 0 ||| qw: Melee chars always use a shield: true
     0 | D:1      | 0 ||| qw: God list: Okawaru
     0 | D:1      | 0 ||| qw: Allow faded altars: false
     0 | D:1      | 0 ||| qw: Do Orc after clearing Dungeon:15 true
     0 | D:1      | 0 ||| qw: Do second Lair branch before Depths: true
     0 | D:1      | 0 ||| qw: Lair rune preference: random
     0 | D:1      | 0 ||| qw: Goals: Normal
     0 | D:1      | 0 ||| PLANNING D:1-11
   104 | D:1      | Reached skill level 6 in Ranged Weapons
   104 | D:1      | Reached XP level 2. HP: 16/16 MP: 4/4
   393 | D:1      | 393 ||| UPGRADING to +0 ring mail.
   403 | D:1      | 403 ||| DROPPING +0 leather armour.
   404 | D:1      | 404 ||| UPGRADING to +0 helmet.
   409 | D:1      | 409 ||| UPGRADING to amulet of the acrobat.
   414 | D:1      | 414 ||| READING scroll labelled FEER TADIJEMM.
   415 | D:1      | 415 ||| READING scroll labelled DINIMI LONGEH.
   416 | D:1      | 416 ||| READING scroll labelled PYHAOM VOULEA.
   417 | D:1      | 417 ||| READING 2 scrolls labelled OPTOWA KAISCH.
   417 | D:1      | 417 ||| IDENTIFYING metallic orange potion
   418 | D:1      | 418 ||| READING scroll of identify.
   418 | D:1      | 418 ||| IDENTIFYING lumpy cyan potion
   419 | D:1      | 419 ||| DRINKING 2 metallic coppery potions.
   420 | D:1      | 420 ||| DRINKING 2 orange potions.
   421 | D:1      | 421 ||| DROPPING scroll of butterflies.
   443 | D:2      | 443 ||| STAIRDANCE
   446 | D:1      | Reached XP level 3. HP: 20/20 MP: 5/5
   456 | D:2      | Found a faded altar of an unknown god.
   500 | D:2      | 500 ||| RETREEEEATING.
   503 | D:2      | 503 ||| RETREEEEATING.
   510 | D:2      | HP: 4/20 [gnoll/+0 club (2)]
   511 | D:2      | 511 ||| DRINKING potion of heal wounds.
   514 | D:2      | Reached skill level 7 in Ranged Weapons
   606 | D:2      | Reached XP level 4. HP: 25/25 MP: 6/6
   865 | D:2      | Reached skill level 8 in Ranged Weapons
  1295 | D:2      | 1295 ||| DROPPING ring of magical power.
  1296 | D:2      | 1296 ||| READING scroll of identify.
  1296 | D:2      | 1296 ||| IDENTIFYING golden potion
  1297 | D:2      | 1297 ||| READING scroll labelled YTAYRE RATRE.
  1341 | D:3      | 1341 ||| FLEEEEING.
  1342 | D:3      | 1342 ||| FLEEEEING.
  1350 | D:3      | HP: 3/25 [orc/+0 hand axe (5)]
  1353 | D:3      | Killed from afar by an orc wizard

Levels and vault maps discovered:
D:1:      amcnicky_arrival_blooded_trapdoor, layout_rooms, minmay_lizard_pond
D:2:      layout_loops_ring, ebering_ecumenical_altar_ruins, serial_forest,
          infiniplex_forest_clump_tiny, infiniplex_forest_end_double,
          infiniplex_forest_clump_tiny, infiniplex_forest_zigzag_1,
          infiniplex_forest_join, infiniplex_forest_clump_curved,
          infiniplex_forest_lined_2, infiniplex_forest_end_1
D:3:      layout_basic, mainiacjoe_overflow_alcove_3, serial_aquarium,
          aquarium_bridge_long_joined [aquarium_subvault_balcony,
          aquarium_subvault_wall, aquarium_subvault_bridge,
          aquarium_subvault_bridge, aquarium_subvault_window,
          aquarium_subvault_window], aquarium_window_1, aquarium_window_corner,
          aquarium_window_1, aquarium_window_1, aquarium_view_2e,
          aquarium_balcony_3b, uniq_sigmund, uniq_natasha

Skill      XL: |  1  2  3  4 |
---------------+-------------+-----
Ranged Weapons | 6 7 8 |  8.0
Fighting       | |  1.5
Dodging        | |  2.4
Stealth        | |  1.2

Action                     |  1- 3 |  4- 6 || total
---------------------------+-------+-------++-------
   Fire: Shortbow          |    91 |    48 ||   139
    Use: Scroll            |     5 |     2 ||     7
         Potion            |     3 |       ||     3
 Armour: Leather armour    |     4 |       ||     4
         Ring mail         |    15 |    10 ||    25
  Dodge: Dodged            |    23 |     2 ||    25

Table legend:
 A = Non-vault XP
 B = Vault XP
 C = Vault XP percentage of total XP
 D = Non-vault monster count
 E = Vault monster count
 F = Vault count percentage of total count
                 A         B        C        D         E       F
            +---------+---------+-------+---------+---------+-------
      Total |     153 |       4 |   2.5 |      42 |       4 |   8.7
            +---------+---------+-------+---------+---------+-------
        D:1 |      36 |       4 |  10.0 |      17 |       4 |  19.0
        D:2 |     111 |       0 |   0.0 |      23 |       0 |   0.0
        D:3 |       6 |       0 |   0.0 |       2 |       0 |   0.0
            +---------+---------+-------+---------+---------+-------
